 Dungeon Crawl Stone Soup version 0.30-a0-632-g346586fe48 (webtiles) character file.

Game seed: 16023154729483474496

8572 OTABOTABOTAB the Destroyer (level 11, -2/60 HPs)
             Began as a Deep Elf Conjurer on Jan 13, 2023.
             Was an Elder of Vehumet.
             Slain by a hell knight
             ... wielding a +4 great sword of flaming
              (8 damage)
             ... on level 10 of the Dungeon on Jan 14, 2023.
             The game lasted 00:31:01 (13681 turns).

OTABOTABOTAB the Destroyer (Deep Elf Conjurer)     Turns: 13681, Time: 00:31:02

Health: -2/60      AC:  8    Str:  4    XL:     11   Next: 11%
Magic:  12/37      EV: 14    Int: 28    God:    Vehumet [****..]
Gold:   650        SH:  0    Dex: 13    Spells: 19/33 levels left

rFire   . . .      SeeInvis .    k - staff of cold {rC+}
rCold   + + .      Faith    .    (no shield)
rNeg    . . .      Spirit   .    A - +0 steam dragon scales
rPois   .          Reflect  .    (no helmet)
rElec   .          Harm     .    (no cloak)
rCorr   .          Rampage  .    h - +1 pair of gloves {Stlth+}
Will    +....                    a - +0 pair of boots
Stlth   +++                      y - amulet of the acrobat
HPRegen 0.30/turn                C - ring of protection from cold {rC+, !d}
MPRegen 0.25/turn                b - ring of magical power {MP+9}

@: studying Polearms
A: no striking features
a: Renounce Religion


You were on level 10 of the Dungeon.
You worshipped Vehumet.
Vehumet was greatly pleased with you.
You visited 1 branch of the dungeon, and saw 10 of its levels.
You also visited: Sewer, Ossuary and Bailey.

You collected 650 gold pieces.

Inventory:

Armour
 a - a +0 pair of boots (worn)
   (You found it on level 6 of the Dungeon)
 h - a +1 pair of gloves of stealth (worn)
   (You found it in an ossuary)
 A - +0 steam dragon scales (worn)
   (You found it on level 9 of the Dungeon)
Magical Staves
 k - a staff of cold (weapon) {rC+}
   (You found it on level 5 of the Dungeon)
 q - a staff of poison {rPois}
   (You found it on level 6 of the Dungeon)
Jewellery
 b - a ring of magical power (right hand) {MP+9}
   (You found it on level 4 of the Dungeon)
 y - an amulet of the acrobat (around neck)
   (You found it in a bailey)
 C - a ring of protection from cold (left hand) {rC+, !d}
   (You found it on level 2 of the Dungeon)
Wands
 n - a wand of light (15)
   (You found it on level 4 of the Dungeon)
 p - a wand of paralysis (13)
   (You found it on level 4 of the Dungeon)
Scrolls
 c - a scroll of butterflies
 d - 6 scrolls of enchant weapon
 e - 2 scrolls of blinking {unknown}
 t - 2 scrolls of enchant armour
 E - 3 scrolls of fear
 K - 4 scrolls of immolation {!r}
 Y - 8 scrolls of teleportation {@r3}
Potions
 g - 3 potions of might {unknown}
 i - 3 potions of degeneration {unknown}
 j - a potion of experience
 m - 4 potions of heal wounds {unknown}
 u - 3 potions of attraction {!q}
 v - 2 potions of resistance {unknown}
 x - a potion of invisibility {unknown}
 B - 4 potions of brilliance
 H - 4 potions of haste
 J - 6 potions of curing {@q1}
 L - 7 potions of flight
 M - 3 potions of magic
 T - 3 potions of berserk rage {!q}
 U - 3 potions of mutation {!q}


   Skills:
 + Level 3.4 Fighting
 + Level 5.7 Dodging
 - Level 2.4 Stealth
 + Level 11.8 Spellcasting
 + Level 13.4 Conjurations
 - Level 4.0 Hexes
 - Level 4.0 Translocations
 - Level 5.0 Earth Magic


You had 19 spell levels left.
You knew the following spells:

 Your Spells              Type           Power      Damage    Failure   Level
a - Magic Dart            Conj           100%       1d8       0%          1
b - Searing Ray           Conj           100%       2d8       0%          2
c - Fulminant Prism       Conj/Hex       30%        3d15      1%          4
d - Stone Arrow           Conj/Erth      100%       3d13      1%          3
x - Iskenderun's Mystic   Conj/Tloc      60%        2d13      1%          4

Your spell library contained the following spells:

 Spells                   Type           Power      Damage    Failure   Level
 Flame Wave               Conj/Fire      52%        2d13      1%          4
 Dazzling Flash           Conj/Hex       100%       N/A       1%          3
 Ozocubu's Armour         Ice            24%        N/A       10%         3
 Metabolic Englaciation   Hex/Ice        20%        N/A       38%         5
 Simulacrum               Ice/Necr       12%        N/A       99%         6
 Ozocubu's Refrigeration  Ice            12%        4d10      99%         7


Dungeon Overview and Level Annotations

Branches:
Dungeon (10/15)            Temple (0/1) D:5           Sewer (visited)
Ossuary (visited)          Bailey (visited)
   Lair: D:8-11         Orc: D:9-12

Altars:
Cheibriados
Dithmenos
Gozag
Makhleb
Nemelex Xobeh
Sif Muna
Trog
Vehumet
Zin
The Shining One

Shops:
D:1 (   D:4 [

Annotations:
D:10 2 runed translucent doors, bmack86's ghost, journeyman MiFi


Message History

You hear a loud crackle.
You hear an explosion!
Vehumet accepts your kill.
You feel your power returning.
You hear a splash.
You feel a bit more experienced.
You enter the shallow water.
Moving in this stuff is going to be slow.
Found a stone staircase leading up and a stone staircase leading down.
Health restored: 60; MP restored: 37
There is a stone staircase leading up here.
You now have 635 gold pieces (gained 10).
You see here a +0 shortbow.
E - 3 scrolls of fear (gained 1)
L - 7 potions of flight (gained 2)
Found a stone staircase leading down.
You see here 5 curare-tipped darts.
You enter the shallow water.
Moving in this stuff is going to be slow.
Bmack86's ghost turns its malevolent gaze towards you.
Bmack86's ghost shouts, "You will never get the ORB!"
You now have 650 gold pieces (gained 15).
You see here a +0 shortbow.
You enter the shallow water.
Moving in this stuff is going to be slow.
You enter the shallow water.
Moving in this stuff is going to be slow.
You see here 5 poisoned darts.
An electric eel is nearby!
You conjure a prism of explosive energy!
A fulminant prism comes into view.
The electric eel shoots out a bolt of lightning at you!
The bolt of electricity hits your fulminant prism.
Your fulminant prism resists.
The bolt of electricity hits you!
You take 9 damage, and have 51/60 hp.
You now have 33/37 mp.
Your fulminant prism crackles loudly.
Vehumet accepts your kill.
You feel your power returning.
You feel a bit more experienced.
You conjure a prism of explosive energy!
The hell knight shouts!
A fulminant prism comes into view.
You now have 31/37 mp.
Your fulminant prism crackles loudly.
You hear a shout! x4; You hear a bark!
You hear a shout!
You hear a bark! x2
You hear a shout!
You conjure a prism of explosive energy!
A fulminant prism comes into view.
You now have 28/37 mp.
Your fulminant prism crackles loudly.
The blast of energy engulfs the hell knight!!
You hear a bark!
You hear a shout!
You conjure a prism of explosive energy!
A fulminant prism comes into view.
The hell knight prays to its god.
The hell knight seems to speed up.
You now have 25/37 mp.
Unknown command.
Your fulminant prism crackles loudly.
The blast of energy engulfs the hell knight!
You hear a shout!
You conjure a prism of explosive energy!
A fulminant prism comes into view.
You hear a shout!
You now have 22/37 mp.
Your fulminant prism crackles loudly.
The hell knight mumbles some strange prayers to its god against you.
The bolt of fire hits your fulminant prism!
Your fulminant prism resists.
The bolt of fire hits you!
The blast of energy engulfs the hell knight!
You hear a bark! x2
You take 12 damage, and have 44/60 hp.
You conjure a prism of explosive energy!
A fulminant prism comes into view.
You now have 19/37 mp.
The hell knight mumbles some strange prayers to its god.
The hell knight blinks!
Your fulminant prism crackles loudly.
You hear a bark!
You hear a shout!
You hear a bark!
You conjure a prism of explosive energy!
A fulminant prism comes into view.
The hell knight mumbles some strange prayers to its god against you.
The bolt of fire hits your fulminant prism!
Your fulminant prism resists.
The bolt of fire misses you.
You now have 16/37 mp.
The hell knight utters an invocation to its god.
The hell knight blinks!
The hell knight mumbles some strange prayers to its god against you.
The bolt of fire misses you.
Your fulminant prism crackles loudly.
You hear a bark! x2; You hear a shout!
You erupt in a blast of force!
The mystic blast hits the hell knight!
The hell knight hits you with a +4 great sword of flaming!
The hell knight burns you.
The hell knight hits you with a +4 great sword of flaming!!
* * * LOW HITPOINT WARNING * * *
The hell knight burns you!
You die...

#......# #.##....#...
######.# #.##....##..
##.#.#########.#.##....##..
#..#......§.§..#.#########.
#..####≈≈§≈§####.# #.
#........§.......# #.
#....###.#.......# #.
#....# #.........# #.
#....# #..@p.....# #.
#....###.........# #.
#................# #####
####.#####.......# #....
#######.# #.......# #....
#.......# #.......# #....
#.......# #≈~~~~~~≈## #(...
#.......#
#≈≈≈~≈≈≈≈≈≈≈##....
#.......#
#≈≈≈≈≈≈≈≈≈≈≈≈≈≈~~≈..


You could see a hell knight (fast).

Vanquished Creatures
  An orc warlord (Bailey)
  Joseph (D:7)
  Prince Ribbit (D:9)
  2 hornets
  7 yaks
  A shadow (D:10)
  2 wyverns
  6 steam dragons
  A water moccasin (D:8)
  3 hell hounds (D:10)
  3 orc warriors
  3 ice beasts
  2 sky beasts (D:7)
  2 ogres (D:6)
  3 centaurs
  2 kobold brigands
  Blork the orc (D:5)
  2 bullfrogs
  An elf zombie (Ossuary)
  4 scorpions
  A necrophage (D:6)
  15 wights
  8 killer bees (D:10)
  6 electric eels (D:10)
  3 howler monkeys
  A crimson imp (D:4)
  A jelly (D:6)
  A gnoll bouda (D:6)
  3 hounds (D:4)
  2 orc priests
  2 human zombies (Ossuary)
  2 iguanas
  4 orc wizards
  3 mummies
  9 gnolls
  15 adders
  A river rat (D:3)
  3 shadow imps
  3 white imps
  An ufetubus (D:6)
  An adder zombie (D:2)
  An adder skeleton (D:2)
  3 worms
  4 dart slugs
  23 orcs
  15 ball pythons
  4 bats
  6 endoplasms
  A giant cockroach (D:4)
  11 hobgoblins
  A jackal (D:2)
  26 kobolds
  3 quokkas
  A ball python skeleton (D:2)
  6 frilled lizards (Sewer)
  12 goblins
  2 goblin skeletons (D:4)
  6 goblin zombies
  15 hobgoblin zombies
  A jackal skeleton (D:2)
  17 kobold zombies
  An orc skeleton (D:4)
  7 orc zombies
  A quokka skeleton (D:2)
  6 rats
306 creatures vanquished.

Vanquished Creatures (others)
  77 fulminant prisms
  15 fungi (D:9)
  A withered plant (D:2)
93 creatures vanquished.

Grand Total: 399 creatures vanquished

Notes
Turn   | Place    | Note
-------+----------+-------------------------------------------
     0 | D:1      | OTABOTABOTAB the Deep Elf Conjurer began the quest for the
                  | Orb.
     0 | D:1      | Reached XP level 1. HP: 10/10 MP: 6/6
   272 | D:1      | Found Neilaur's Antique Weapon Shoppe.
   354 | D:1      | Reached XP level 2. HP: 15/15 MP: 5/8
   357 | D:1      | Learned a level 2 spell: Searing Ray
   458 | D:1      | Reached skill level 5 in Conjurations
   841 | D:2      | Reached XP level 3. HP: 19/19 MP: 6/10
  1029 | D:2      | Reached skill level 4 in Spellcasting
  1480 | D:2      | Reached XP level 4. HP: 24/24 MP: 10/12
  1994 | D:3      | Found a radiant altar of Vehumet.
  1996 | D:3      | Found a shadowy altar of Dithmenos.
  2000 | D:3      | Became a worshipper of Vehumet
  2018 | D:3      | Found a glowing drain.
  2040 | D:3      | Reached skill level 6 in Conjurations
  2053 | Sewer    | Entered a sewer
  2314 | Sewer    | Reached XP level 5. HP: 28/28 MP: 12/14
  2533 | Sewer    | Reached * piety under Vehumet
  2533 | Sewer    | Offered knowledge of Sandblast by Vehumet.
  2728 | D:3      | Reached skill level 5 in Spellcasting
  3385 | D:4      | Found a sand-covered staircase.
  3405 | Ossuary  | Entered an ossuary
  3449 | Ossuary  | Learned a level 4 spell: Fulminant Prism
  3454 | Ossuary  | Learned a level 4 spell: Iskenderun's Mystic Blast
  3578 | Ossuary  | Offered knowledge of Shock by Vehumet.
  3580 | Ossuary  | Reached ** piety under Vehumet
  3774 | Ossuary  | Reached skill level 7 in Conjurations
  3774 | Ossuary  | Reached XP level 6. HP: 32/32 MP: 2/16
  3914 | Ossuary  | Reached skill level 1 in Hexes
  3919 | Ossuary  | Reached skill level 1 in Translocations
  4151 | D:4      | Offered knowledge of Frozen Ramparts by Vehumet.
  4225 | D:4      | Reached skill level 2 in Hexes
  4299 | D:4      | Found a glowing golden altar of the Shining One.
  4734 | D:4      | Found Laug's Armour Shop.
  4771 | D:4      | Found a sparkling altar of Nemelex Xobeh.
  4780 | D:4      | Reached XP level 7. HP: 32/36 MP: 14/17
  4878 | D:4      | Found a burning altar of Makhleb.
  5074 | D:4      | Reached skill level 2 in Translocations
  5116 | D:4      | HP: 5/36 [something/magic dart (6)]
  5120 | D:4      | Reached skill level 6 in Spellcasting
  5294 | D:4      | Reached *** piety under Vehumet
  6035 | D:5      | Entered Level 5 of the Dungeon
  6113 | D:5      | Reached skill level 3 in Hexes
  6186 | D:5      | Reached skill level 8 in Conjurations
  6353 | D:5      | Noticed a steam dragon
  6374 | D:5      | Killed a steam dragon
  6375 | D:5      | Reached skill level 3 in Translocations
  6618 | D:5      | Reached XP level 8. HP: 41/41 MP: 12/20
  6631 | D:5      | Noticed Blork the orc
  6637 | D:5      | Killed Blork the orc
  6638 | D:5      | Reached skill level 4 in Hexes
  6884 | D:5      | Found a staircase to the Ecumenical Temple.
  7027 | D:5      | Found a shimmering blue altar of Sif Muna.
  7579 | D:6      | Reached skill level 7 in Spellcasting
  7579 | D:6      | Reached skill level 9 in Conjurations
  7878 | D:6      | Reached skill level 4 in Translocations
  8079 | D:6      | Found a glowing silver altar of Zin.
  8164 | D:6      | Offered knowledge of Stone Arrow by Vehumet.
  8169 | D:6      | Learned a level 3 spell: Stone Arrow
  8495 | D:7      | Reached skill level 1 in Earth Magic
  8502 | D:7      | Reached skill level 10 in Conjurations
  8631 | D:7      | Noticed Joseph
  8652 | D:7      | Killed Joseph
  8653 | D:7      | Reached skill level 8 in Spellcasting
  8653 | D:7      | Reached skill level 2 in Earth Magic
  8653 | D:7      | Reached XP level 9. HP: 30/45 MP: 2/23
  8917 | D:7      | Reached **** piety under Vehumet
  8918 | D:7      | Reached skill level 3 in Earth Magic
  8932 | D:7      | Offered knowledge of Arcjolt by Vehumet.
  8933 | D:7      | Reached skill level 11 in Conjurations
  8981 | D:7      | Reached skill level 9 in Spellcasting
  9148 | D:7      | Reached skill level 4 in Earth Magic
  9989 | D:8      | Reached skill level 12 in Conjurations
 10070 | D:8      | Found an opulent altar of Gozag.
 10139 | D:8      | Reached skill level 5 in Earth Magic
 10147 | D:8      | Reached XP level 10. HP: 50/50 MP: 25/25
 10168 | D:8      | Reached skill level 10 in Spellcasting
 11035 | D:9      | Noticed Prince Ribbit
 11037 | D:9      | Killed Prince Ribbit
 11142 | D:9      | Found a flagged portal.
 11163 | Bailey   | Entered a bailey
 11402 | Bailey   | Noticed an orc warlord
 11414 | Bailey   | Found a runed translucent gate.
 11414 | Bailey   | Found a runed translucent gate.
 11414 | Bailey   | Found a runed translucent gate.
 11619 | Bailey   | Killed an orc warlord
 11620 | Bailey   | Reached skill level 1 in Fighting
 11620 | Bailey   | Reached skill level 3 in Dodging
 11984 | D:9      | Reached skill level 2 in Fighting
 11984 | D:9      | Reached skill level 4 in Dodging
 11984 | D:9      | Reached skill level 11 in Spellcasting
 11985 | D:9      | Reached skill level 13 in Conjurations
 12173 | D:9      | Found a snail-covered altar of Cheibriados.
 12686 | D:10     | Entered Level 10 of the Dungeon
 12694 | D:10     | Reached ***** piety under Vehumet
 12694 | D:10     | Offered knowledge of Flame Wave by Vehumet.
 12695 | D:10     | Reached skill level 5 in Dodging
 12697 | D:10     | Reached skill level 3 in Fighting
 12813 | D:10     | Identified the +2 triple sword of Laceration {flame, rC+}
 12870 | D:10     | Found a bloodstained altar of Trog.
 12879 | D:10     | Reached XP level 11. HP: 51/60 MP: 10/28
 13112 | D:10     | Noticed a hell knight
 13132 | D:10     | HP: 15/60 [electric eel/bolt of electricity (11)]
 13514 | D:10     | Found a large runed translucent door.
 13514 | D:10     | Found a large runed translucent door.
 13517 | D:10     | Noticed bmack86's ghost (journeyman MiFi)
 13681 | D:10     | HP: 6/60 [hell knight/+4 great sword of flaming (19)]
 13681 | D:10     | Slain by a hell knight

Illustrated notes

Levels and vault maps discovered:
D:1:      kennysheep_arrival_forest, layout_basic, serial_shops,
          nicolae_shop_hallway_stairs
D:2:      layout_loops_ring, serial_undead, serial_undead_d, serial_undead_a,
          serial_undead_c, serial_undead_a, minmay_tetromino_o4
D:3:      layout_basic, chequers_temple_overflow_statue_of_worship,
          portal_sewer_entry_a
D:4:      minmay_door_path, layout_layer_cave, nicolae_tso_besieged_by_evil,
          nemelex_dance_club_becter, mainiacjoe_overflow_alcove_4,
          nicolae_ossuary_entry_false_entrances, serial_shops,
          nicolae_shop_behind_doors, nicolae_underground_beach
D:5:      layout_loops_ring, nicolae_sif_muna_condensation,
          minmay_temple_entry_proselytizer, serial_co_window_serial,
          co_window_corner_a, co_window_paths_b, co_window_paths_b,
          co_window_of_opportunity_a, co_window_paths_b, co_window_broadway_b,
          co_window_broadway_a, co_window_of_opportunity_b, co_window_cross_2,
          co_window_corner_b, glass_columns_b, kennysheep_generic_room_7,
          uniq_blork_the_orc
D:6:      layout_rooms, zin_scriptorium, minmay_mini_ossuary
D:7:      layout_loops_ring, uniq_joseph
D:8:      layout_loops_cross, amcnicky_altar_gilded
D:9:      kennysheep_steamy, layout_basic, mainiacjoe_overflow_surrounded_room,
          enter_bailey_4, st_stairs_3, uniq_prince_ribbit1
D:10:     layout_basic, bloody_trog, ebering_ghost_disaster_area,
          minmay_rotating_lava

Skill      XL: |  1  2  3  4  5  6  7  8  9 10 |
---------------+-------------------------------+-----
Conjurations   | 5 6 7 8 10 12 13 | 13.4
Spellcasting   | 4 5 6 8 9 11 | 11.8
Hexes          | 2 3 4 |  4.0
Translocations | 1 3 4 |  4.0
Earth Magic    | 2 5 |  5.0
Fighting       | 3 |  3.4
Dodging        | 5 |  5.7
Stealth        | |  2.4

Action                   |  1- 3 |  4- 6 |  7- 9 | 10-12 || total
-------------------------+-------+-------+-------+-------++-------
Melee: Whip              |     7 |    26 |     9 |       ||    42
       Staff             |       |       |     2 |     1 ||     3
 Cast: Magic Dart        |    61 |   165 |   104 |    44 ||   374
       Searing Ray       |     3 |    18 |    28 |     7 ||    56
       Iskenderun's Myst |       |     3 |    21 |    37 ||    61
       Fulminant Prism   |       |     3 |    33 |    41 ||    77
  Use: Potion            |       |     1 |     1 |       ||     2
       Scroll            |       |     8 |     7 |     2 ||    17
Armor: Robe              |     2 |    11 |    11 |     4 ||    28
       Steam dragon scal |       |       |       |     1 ||     1
Dodge: Dodged            |     7 |    31 |    14 |    28 ||    80

Table legend: (Time is in decaauts)
 A = Elapsed time spent in this place.
 B = Non-inter-level travel time spent in this place.
 C = Inter-level travel time spent in this place.
 D = Time resting spent in this place.
 E = Time spent auto-exploring this place.
 F = Levels seen in this place.
 G = Mean time per level.
                   A        B        C        D        E       F      G
               +--------+--------+--------+--------+--------+-----+--------+
         Total |  13763 |  13274 |    489 |    996 |  10522 |  13 | 1058.7 |
       Dungeon |  11814 |  11325 |    489 |    947 |   9148 |  10 | 1181.4 |
         Sewer |    611 |    611 |      0 |      0 |    507 |   1 |  611.0 |
       Ossuary |    726 |    726 |      0 |      2 |    436 |   1 |  726.0 |
        Bailey |    611 |    611 |      0 |     47 |    430 |   1 |  611.0 |
               +--------+--------+--------+--------+--------+-----+--------+

Top non-repeatable levels by time:
     D:4: 1931 daAuts
     D:5: 1553 daAuts
     D:7: 1412 daAuts
     D:2: 1066 daAuts
     D:9: 1060 daAuts
     D:6: 1054 daAuts
    D:10: 1001 daAuts
     D:8: 979 daAuts
     D:3: 923 daAuts
     D:1: 832 daAuts
 Ossuary: 726 daAuts
   Sewer: 611 daAuts
  Bailey: 611 daAuts

Table legend:
 A = Kills in this place as a percentage of kills in entire the game.
 B = Kills by you in this place as a percentage of kills by you in the entire game.
 C = Kills by friends in this place as a percentage of kills by friends in the entire game.
 D = Other kills in this place as a percentage of other kills in the entire game.
 E = Experience gained in this place as a percentage of experience gained in the entire game.
 F = Experience gained in this place divided by the number of levels of this place that you have seen.
                   A       B       C       D       E      F
               +-------+-------+-------+-------+-------+----------------------
         Total | 100.0 | 100.0 |   N/A |   N/A | 100.0 | 942.0
       Dungeon |  75.8 |  75.8 |   N/A |   N/A |  85.7 | 1049.7
         Sewer |   4.6 |   4.6 |   N/A |   N/A |   0.5 |  66.0
       Ossuary |  12.4 |  12.4 |   N/A |   N/A |   2.0 | 241.0
        Bailey |   7.2 |   7.2 |   N/A |   N/A |  11.8 | 1442.0
               +-------+-------+-------+-------+-------+----------------------
